 Dungeon Crawl Stone Soup version 0.30-a0-709-gcdc1b43e22 (webtiles) character file.

Game seed: 12358167067862921340

570 Dartaoz the Changer (level 7, -1/48 HPs)
             Began as a Merfolk Transmuter on Jan 22, 2023.
             Slain by an orc
             ... wielding a +0 club
              (4 damage)
             ... on level 5 of the Dungeon.
             The game lasted 00:11:25 (3916 turns).

Dartaoz the Changer (Merfolk Transmuter)            Turns: 3916, Time: 00:11:25

Health: -1/48      AC:  2    Str: 13    XL:     7   Next: 34%
Magic:  8/10       EV: 21    Int: 12    God:
Gold:   237        SH:  0    Dex: 25    Spells: 4/10 levels left

rFire   . . .      SeeInvis .      - Unarmed
rCold   . . .      Faith    .    (shield currently unavailable)
rNeg    . . .      Spirit   .    (body armour currently unavailable)
rPois   x          Reflect  .    (helmet currently unavailable)
rElec   .          Harm     .    (cloak currently unavailable)
rCorr   .          Rampage  .    (gloves currently unavailable)
Will    .....                    (boots currently unavailable)
Stlth   ++                       (no amulet)
HPRegen 0.28/turn                f - +6 ring of dexterity
MPRegen 0.12/turn                (no ring)

@: spider-form
A: venomous fangs, tiny, (nimble swimmer 2), (mertail)
a: End Transformation


You were on level 5 of the Dungeon.
You were a venomous arachnid creature.
You visited 1 branch of the dungeon, and saw 5 of its levels.

You collected 237 gold pieces.

Inventory:

Armour
 a - a +0 robe
 d - a +0 cloak (melded)
 j - a +0 pair of gloves (melded)
 s - a +0 troll leather armour (melded) {Pargi}
 t - a +0 helmet (melded)
Jewellery
 f - a +6 ring of dexterity (left front pincers)
Wands
 o - a wand of light (6)
Scrolls
 e - 4 scrolls of identify {unknown}
 g - 2 scrolls of fog {unknown}
 h - a scroll of torment {unknown}
 i - 3 scrolls of fear {unknown}
 m - a scroll of amnesia {unknown}
 p - 2 scrolls of noise {unknown}
 q - a scroll of brand weapon {unknown}
 r - a scroll of magic mapping {unknown}
 u - a scroll of vulnerability {unknown}
 v - 2 scrolls of teleportation {unknown}
 x - a scroll of enchant weapon {unknown}
Potions
 b - 2 potions of lignification
 c - 4 potions of curing {unknown}
 k - 2 potions of berserk rage {unknown}
 l - a potion of brilliance {unknown}
 n - a potion of haste {unknown}
 w - a potion of attraction {unknown}


   Skills:
 - Level 1.1 Fighting
 - Level 2.6 Dodging
 + Level 5.8 Unarmed Combat
 - Level 2.0 Spellcasting
 + Level 6.3 Transmutations
 + Level 4.5 Poison Magic


You had 4 spell levels left.
You knew the following spells:

 Your Spells              Type           Power      Damage    Failure   Level
a - Beastly Appendage     Tmut           32%        N/A       8%          1
b - Wereblood             Tmut           16%        N/A       11%         2
c - Spider Form           Tmut/Pois      14%        N/A       22%         3

Your spell library contained the following spells:

 Spells                   Type           Power      Damage    Failure   Level
 Ice Form                 Ice/Tmut       8%         N/A       78%         4
 Conjure Ball Lightning   Conj/Air       0%         3x3d6     100%        6
 Discord                  Hex            0%         N/A       100%        8
 Disjunction              Tloc           0%         N/A       100%        8


Dungeon Overview and Level Annotations

Branches:
Dungeon (5/15)
 Temple: D:4-7

Altars:
The Shining One


Innate Abilities, Weirdness & Mutations

You are a venomous arachnid creature.
You have venomous fangs.
You are tiny and dextrous.
Your spellcasting is less reliable in this form.
Your armour is entirely melded.
You are incapable of wielding weapons or throwing items.
((You are very nimble when in or above water. (Stealth+, EV+, Speed+++)))
((Your lower body shifts to a powerful aquatic tail in water.))


Message History

Deactivating autopickup; reactivate with Ctrl-A.
The orc priest hits you with a +0 hand axe.
You hear a shout!
You hit something but do no damage. The orc misses you.
The orc priest hits you with a +0 hand axe!
Something hits you.
You hit something.
Reactivating autopickup.
You feel a bit more experienced.
The orc priest invokes the aid of Beogh against you.
Pain shoots through your body! The orc completely misses you.
You barely miss the orc priest. The orc barely misses you.
The orc priest casts a cantrip, but nothing happens.
You hit the orc priest but do no damage.
The orc priest is poisoned.
The orc priest closely misses you. The orc misses you.
You hit the orc priest but do no damage.
The orc priest looks as sick as possible!
The orc warrior closely misses you.
The orc priest invokes the aid of Beogh against you.
Beogh smites you!
* * * LOW HITPOINT WARNING * * *
The orc hits you with a +0 club.
* * * LOW HITPOINT WARNING * * *
You hit the orc priest but do no damage.
The orc warrior misses you.
You barely miss the orc priest.
The orc priest is lightly wounded.
The orc shouts!
You hear a shout!
The orc priest misses you. The orc closely misses you.
The orc warrior misses you.
The orc wizard shouts!
You hit the orc priest.
The orc priest looks as sick as possible!
The orc priest is heavily wounded.
The orc priest invokes the aid of Beogh against you.
Pain shoots through your body!
* * * LOW HITPOINT WARNING * * *
The orc hits you with a +0 club.
You die...

####.##.......###
................#.
...#................
#..............###..
#....#........## .
.......†###...#
#.........##..# o
....#.....##.)###....
............os.o....##........
..#...#.###.o#.....###........
.......##...##.....#...../....
.###......... .....##.........
##...#..#.##.....#...$.....
... ##. .. ...............
o... >. ..##............## ..#
... ..##......<.o..... ...
..........).......


You could see an orc warrior, an orc priest (extremely poisoned), an orc wizard
and an orc.

Vanquished Creatures
  Pargi (D:3)
  An ice beast (D:5)
  A necrophage (D:3)
  2 hounds (D:5)
  Crazy Yiuf (D:2)
  Terence (D:2)
  2 iguanas (D:5)
  An orc wizard (D:5)
  4 gnolls (D:4)
  2 adders
  A white imp (D:5)
  A dart slug (D:3)
  2 orcs
  9 endoplasms
  3 giant cockroaches
  11 goblins
  4 hobgoblins
  4 jackals (D:2)
  2 quokkas
  5 ball pythons
  8 bats
  2 frilled lizards
  5 kobolds
  7 rats
80 creatures vanquished.

Notes
Turn   | Place    | Note
-------+----------+-------------------------------------------
     0 | D:1      | Dartaoz the Merfolk Transmuter began the quest for the Orb.
     0 | D:1      | Reached XP level 1. HP: 15/15 MP: 3/3
   178 | D:1      | Reached skill level 3 in Transmutations
   183 | D:1      | Reached XP level 2. HP: 11/21 MP: 0/5
   283 | D:1      | Reached skill level 1 in Poison Magic
   608 | D:1      | Reached XP level 3. HP: 26/26 MP: 4/6
   851 | D:2      | Learned a level 2 spell: Wereblood
   855 | D:2      | Learned a level 3 spell: Spider Form
   917 | D:2      | Noticed Terence
  1282 | D:2      | Killed Terence
  1283 | D:2      | Reached skill level 4 in Transmutations
  1283 | D:2      | Reached XP level 4. HP: 31/32 MP: 3/7
  1337 | D:2      | Found a runed translucent door.
  1338 | D:2      | Noticed Crazy Yiuf
  1823 | D:2      | Killed Crazy Yiuf
  2037 | D:3      | Reached XP level 5. HP: 34/37 MP: 8/8
  2218 | D:3      | Noticed Pargi
  2241 | D:3      | Killed Pargi
  2242 | D:3      | Reached skill level 5 in Transmutations
  2344 | D:3      | Reached XP level 6. HP: 22/38 MP: 6/9
  2347 | D:3      | Reached skill level 5 in Unarmed Combat
  2807 | D:4      | Found a glowing golden altar of the Shining One.
  3717 | D:5      | Entered Level 5 of the Dungeon
  3721 | D:5      | Noticed an orc warrior
  3795 | D:5      | Noticed an ice beast
  3808 | D:5      | Killed an ice beast
  3809 | D:5      | Reached skill level 6 in Transmutations
  3809 | D:5      | Reached XP level 7. HP: 7/48 MP: 4/10
  3916 | D:5      | Slain by an orc

Illustrated notes

Levels and vault maps discovered:
D:1:      nagdon_arrival_zigzag_paths, layout_basic, minmay_split_cup_small
D:2:      layout_loops_ring, moated_statue, chequers_serial_rivers_small_b,
          kennysheep_generic_room_8, uniq_terence, uniq_crazy_yiuf_cottage
D:3:      layout_basic, grunt_ministairs_15, uniq_pargi
D:4:      layout_basic, mainiacjoe_overflow_alcove_1, sigmund_army
D:5:      cheibrodos_helix_gallery, layout_cave_pools, nicolae_vehumet_radiance,
          eino_small_chamber_without_monster

Skill      XL: |  1  2  3  4  5  6 |
---------------+-------------------+-----
Transmutations | 3 4 5 6 |  6.3
Poison Magic   | 1 2 3 4 |  4.5
Unarmed Combat | 4 5 |  5.8
Fighting       | |  1.1
Dodging        | |  2.6
Spellcasting   | |  2.0

Action                     |  1- 3 |  4- 6 |  7- 9 || total
---------------------------+-------+-------+-------++-------
  Melee: Unarmed           |   107 |   123 |    32 ||   262
         Headbutt          |    10 |     9 |     6 ||    25
         Punch             |     2 |     3 |     2 ||     7
   Cast: Beastly Appendage |    23 |    22 |     1 ||    46
         Spider Form       |     1 |     5 |     1 ||     7
         Wereblood         |       |     3 |       ||     3
   Stab: Sleeping          |     1 |     4 |       ||     5
 Armour: Robe              |    37 |     7 |       ||    44
         Troll leather arm |       |    24 |     4 ||    28
         Skin              |       |     2 |       ||     2
  Dodge: Dodged            |    87 |   146 |    34 ||   267

Table legend: (Time is in decaauts)
 A = Elapsed time spent in this place.
 B = Non-inter-level travel time spent in this place.
 C = Inter-level travel time spent in this place.
 D = Time resting spent in this place.
 E = Time spent auto-exploring this place.
 F = Levels seen in this place.
 G = Mean time per level.
                   A        B        C        D        E       F      G
               +--------+--------+--------+--------+--------+-----+--------+
         Total |   3889 |   3708 |    181 |     36 |   3009 |   5 |  777.8 |
       Dungeon |   3889 |   3708 |    181 |     36 |   3009 |   5 |  777.8 |
               +--------+--------+--------+--------+--------+-----+--------+

Top non-repeatable levels by time:
     D:2: 1126 daAuts
     D:4: 1078 daAuts
     D:1: 812 daAuts
     D:3: 728 daAuts
     D:5: 143 daAuts
